 Dungeon Crawl Stone Soup version 0.26-a0-540-g8a0c9464d7 (webtiles) character file.

Game seed: 13844802663479842649

30 Inarius the Chopper (level 3, -6/33 HPs)
             Began as a Hill Orc Chaos Knight on Aug 25, 2020.
             Was a Plaything of Xom.
             Mangled by a centaur (7 damage)
             ... on level 2 of the Dungeon.
             The game lasted 00:01:38 (1221 turns).

Inarius the Chopper (Hill Orc Chaos Knight)         Turns: 1221, Time: 00:01:39

Health: -6/33      AC:  3    Str: 15    XL:     3   Next: 20%
Magic:  3/3        EV: 11    Int: 12    God:    Xom [..*...]
Gold:   28         SH:  0    Dex: 10    Spells: 2/2 levels left

rFire    . . .     SeeInvis .   a - +0 hand axe (chaos)
rCold    . . .     Faith    .   (no shield)
rNeg     . . .     Spirit   .   c - +0 leather armour (curse)
rPois    .         Reflect  .   (no helmet)
rElec    .         Harm     .   (no cloak)
rCorr    .                      (no gloves)
MR       .....                  (no boots)
Stlth    +.........             (no amulet)
HPRegen  0.11/turn              (no ring)
MPRegen  0.08/turn              (no ring)

@: no status effects
A: no striking features
a: Renounce Religion


You were on level 2 of the Dungeon.
You worshipped Xom.
You were a toy of Xom.
You visited 1 branch of the dungeon, and saw 2 of its levels.

You collected 28 gold pieces.

Inventory:

Hand Weapons
 a - a +0 hand axe of chaos (weapon)
Armour
 b - a +2 leather armour
 c - a cursed +0 leather armour (worn)
Scrolls
 e - a scroll of enchant weapon {unknown}
 f - a scroll of teleportation {unknown}
 h - a scroll of identify {unknown}
Potions
 d - a potion of might {unknown}
 g - a potion of stabbing {unknown}


   Skills:
 + Level 4.0 Fighting
 * Level 5.0 Axes
 + Level 2.5 Armour
 - Level 0.7 Dodging


You had 2 spell levels left.
You didn't know any spells.
Your spell library was empty.

Dungeon Overview and Level Annotations

Branches:
Dungeon (2/15)

Altars:


Message History

Something hits you. x2
The rat bites you. Something hits you.
You barely miss the rat. You barely miss something. Something hits you.
The rat bites you. Something hits you!
You are too injured to fight recklessly!
You are too injured to fight recklessly!
You are too injured to fight recklessly!
You are too injured to fight recklessly!
You are too injured to fight recklessly!
You are too injured to fight recklessly!
You are too injured to fight recklessly!
You hit something but do no damage.
Nothing appears to happen.
You completely miss the rat. Something hits you. The rat closely misses you.
You hit something. You freeze something. You hit the rat but do no damage.
Something hits you!
* * * LOW HITPOINT WARNING * * *
The rat bites you.
* * * LOW HITPOINT WARNING * * *
Something hits you!
You die...

#. #.#
####.##.#
...(....####
###.#†.##.#
#......<#.#
.....#...#.#
##.###...#.# #
.......?.#.##.#
...........@r.#
.#.###...#{##.#
# #...#.# # #.
#...#.# #.#
#...#.#
#..##.....#
#..<#......
#..........
#......c...


You could see a rat.

Vanquished Creatures
  A dart slug (D:1)
  2 leopard geckos (D:1)
  A bat (D:1)
  2 giant cockroaches (D:1)
  A hobgoblin (D:1)
  3 frilled lizards (D:1)
  7 goblins (D:1)
  4 kobolds
  5 rats (D:1)
26 creatures vanquished.

Notes
Turn   | Place    | Note
-------+----------+-------------------------------------------
     0 | D:1      | Inarius the Hill Orc Chaos Knight began the quest for the
                  | Orb.
     0 | D:1      | Reached XP level 1. HP: 19/19 MP: 1/1
   175 | D:1      | XOM: divination: detect items
   184 | D:1      | Reached XP level 2. HP: 24/27 MP: 2/2
   390 | D:1      | XOM: silly message
   466 | D:1      | XOM: silly message
   576 | D:1      | Reached XP level 3. HP: 32/33 MP: 3/3
   664 | D:1      | Reached skill level 5 in Axes
  1129 | D:2      | Noticed a centaur
  1221 | D:2      | HP: 1/33 [rat (1)]
  1221 | D:2      | Mangled by a centaur

Illustrated notes

Levels and vault maps discovered:
D:1:      nzn_arrival_crosshair, layout_basic
D:2:      layout_basic, gammafunk_temple_overflow_statue, marbit_many_paths,
          minmay_pentomino_pile

Skill      XL: |  1  2  3 |
---------------+----------+-----
Fighting       | 4 |  4.0
Axes           | 5 |  5.0
Armour         | |  2.5
Dodging        | |  0.7

Action                   || total
-------------------------++-------
Melee: Hand axe          ||    78
 Stab: Paralysed         ||     1
Armor: Leather armour    ||    27
Dodge: Dodged            ||    41

Table legend: (Time is in decaauts)
 A = Elapsed time spent in this place.
 B = Non-inter-level travel time spent in this place.
 C = Inter-level travel time spent in this place.
 D = Time resting spent in this place.
 E = Time spent auto-exploring this place.
 F = Levels seen in this place.
 G = Mean time per level.
                   A        B        C        D        E       F      G
               +--------+--------+--------+--------+--------+-----+--------+
         Total |   1226 |   1143 |     83 |      0 |    948 |   2 |  613.0 |
       Dungeon |   1226 |   1143 |     83 |      0 |    948 |   2 |  613.0 |
               +--------+--------+--------+--------+--------+-----+--------+

Top non-repeatable levels by time:
     D:1: 1190 daAuts
     D:2: 36 daAuts
